Map: 10000 Feet LE

Players

Indy - Winner!

  • Race: Terran Terran
  • Spawn Location: 11:00

A.I. 1 (Hard)

  • Race: Terran Terran
  • Spawn Location: 5:00

VOD

Have the link to the VOD?

Description

Time

  • Played on: April 10, 2026, 4:02 p.m.
  • Length: 8:09
Show
View Real Time Build Order
Export as new Build Order

Indy Terran - Winner!

Build Orders:  

Get SALT Encoding   

  12  0:00  SCV  
  13  0:12  SCV  
  14  0:17  Supply Depot  
  14  0:24  SCV  
  15  0:39  SCV  
  15  0:40  Barracks  
  16  0:45  Refinery  
  16  0:51  SCV  
  16  0:56  Refinery  
  17  1:03  SCV  
  18  1:15  SCV  
  19  1:27  Reaper  
  19  1:28  Orbital Command  
  20  1:43  Factory  
  20  1:53  SCV  
  21  1:58  Supply Depot  
  21  1:59  Reaper  
  22  2:06  SCV  
  23  2:16  Command Center  
  23  2:20  SCV  
  24  2:28  Hellion  
  26  2:32  Barracks Reactor  
  26  2:33  SCV  
  27  2:38  Supply Depot  
  27  2:45  SCV  
  27  2:48  Starport  
  27  2:49  Factory Tech Lab  
  28  2:57  SCV  
  29  3:09  Cyclone, Marine, SCV  
  29  3:10  Marine  
  35  3:18  Refinery  
  35  3:22  SCV  
  35  3:25  Starport Reactor  
  36  3:28  Orbital Command  
  36  3:34  SCV  
  37  3:39  Marine  
  37  3:40  Marine  
  39  3:41  Siege Tank  
  39  3:46  SCV  
  43  3:54  SCV  
  44  3:58  SCV  
  44  3:59  Refinery  
  44  4:01  Supply Depot  
  45  4:04  Viking  
  45  4:07  SCV  
  45  4:09  Viking  
  50  4:11  SCV  
  50  4:16  Siege Tank  
  54  4:23  SCV x2  
  56  4:25  Supply Depot  
  56  4:32  Marine x2  
  56  4:34  Viking  
  60  4:39  Viking  
  62  4:48  Starport  
  62  4:51  Siege Tank  
  65  4:52  Marine  
  65  4:53  Marine  
  65  4:57  Supply Depot  
  67  5:06  Viking  
  69  5:12  SCV x2, Viking  
  73  5:17  Marine x2  
  75  5:23  Siege Tank  
  75  5:28  SCV  
  80  5:29  Liberator  
  80  5:34  Supply Depot  
  82  5:37  Viking  
  82  5:42  Viking  
  86  5:51  Supply Depot  
  86  5:55  Marine x2, SCV x2  
  90  5:59  Siege Tank  
  93  6:15  Viking x2  
  93  6:17  Liberator  
  100  6:18  Marine  
  100  6:19  Marine  
  100  6:24  Supply Depot  
  102  6:25  SCV x2  
  104  6:33  Supply Depot  
  104  6:51  SCV x2  
  104  6:52  Marine x2  
  104  6:53  Siege Tank, Viking x2  
  115  7:00  Liberator  
  118  7:07  SCV x2  
  118  7:19  SCV x2  
  120  7:25  Siege Tank  
  121  7:33  SCV x2, Marine  
  121  7:34  Marine  
  131  7:45  SCV x2  
  134  8:05  Supply Depot  
  134  8:06  Supply Depot  
Show
View Real Time Build Order
Export as new Build Order

A.I. 1 (Hard) Terran 

Build Orders:  

Get SALT Encoding   

  12  0:00  SCV  
  13  0:13  SCV  
  14  0:18  Supply Depot  
  14  0:25  SCV  
  15  0:39  SCV  
  16  0:43  Barracks  
  16  0:51  SCV  
  17  1:03  SCV  
  18  1:22  SCV  
  18  1:24  Supply Depot  
  19  1:26  Refinery  
  19  1:30  Command Center  
  19  1:35  Marine  
  20  1:46  Orbital Command  
  20  1:52  Marine  
  21  2:05  Barracks  
  21  2:11  Barracks Tech Lab  
  21  2:12  SCV  
  21  2:14  Refinery  
  22  2:24  SCV  
  22  2:29  Supply Depot  
  23  2:31  Marauder  
  25  2:37  SCV  
  26  2:51  Marine  
  26  2:52  SCV, Marine  
  29  3:05  SCV  
  30  3:09  SCV, Reaper  
  32  3:14  Barracks Tech Lab  
  32  3:17  SCV  
  33  3:25  Factory  
  33  3:32  Marauder  
  33  3:33  Factory  
  35  3:44  Refinery  
  35  3:53  Refinery  
  35  4:07  Marine  
  35  4:09  Factory Tech Lab  
  36  4:10  Starport  
  36  4:14  Starport  
  36  4:15  SCV  
  36  4:17  Factory Tech Lab, SCV  
  38  4:25  Reaper  
  39  4:33  SCV  
  39  4:36  SCV  
  39  4:38  Hellion  
  43  4:45  SCV  
  43  4:48  Starport Tech Lab, SCV  
  43  4:50  Siege Tank  
  43  4:51  Supply Depot, Starport Tech Lab  
  48  4:55  Stimpack  
  48  4:57  SCV  
  49  5:00  SCV  
  49  5:05  Combat Shield  
  50  5:10  SCV  
  50  5:12  SCV  
  52  5:17  Engineering Bay  
  52  5:22  SCV  
  52  5:24  SCV  
  54  5:32  Marine  
  54  5:34  SCV  
  56  5:39  SCV  
  56  5:40  Supply Depot  
  57  5:44  Terran Infantry Armor Level 1, Marine  
  57  5:46  SCV  
  59  5:51  SCV  
  59  5:56  Marine  
  61  6:02  SCV  
  62  6:05  Supply Depot  
  62  6:06  SCV  
  62  6:08  Marine  
  64  6:20  Marine  
  65  6:27  SCV  
  65  6:28  SCV  
  65  6:29  Supply Depot  
  66  6:33  Concussive Shells, Marauder  
  66  6:39  SCV  
  68  6:45  Missile Turret, Marauder  
  70  6:48  Missile Turret  
  70  6:51  SCV, Raven  
  70  6:52  SCV  
  70  6:53  Supply Depot  
  72  6:57  Reaper  
  72  6:59  Missile Turret  
  72  7:01  Viking  
  73  7:03  SCV  
  74  7:13  Reaper  
  74  7:15  SCV  
  74  7:18  Supply Depot  
  74  7:19  SCV  
  74  7:27  SCV  
  62  7:31  SCV, Viking  
  35  7:39  SCV  
  35  7:41  Hellion  
  35  7:43  SCV  
  21  7:51  SCV  
  21  7:55  SCV  
Tags
 
Matchup
TvT
Player
Indy
Race
Terran
Spawn Locations
Cross Positions
Add a new tag
Caveats
  • Supply blocks, unpowered buildings, or Contaminate may cause inaccurate times.
  • Supply counts are checked every 10 seconds.